 Dungeon Crawl Stone Soup version 0.24-a0-769-g368c1644f8 (webtiles) character file.

Game seed: 1691348657896620021, levelgen mode: deterministic

38918 1994 the Jinx (level 13, 64/64 HPs)
             Began as a Felid Enchanter on Sept 28, 2019.
             Was the Champion of Dithmenos.
             Quit the game on level 1 of the Orcish Mines on Oct 4, 2019.
             The game lasted 03:06:54 (37751 turns).

1994 the Jinx (Felid Enchanter)                    Turns: 37751, Time: 03:06:54

Health: 64/64      AC:  9    Str:  4    XL:     13   Next: 66%
Magic:  26/26      EV: 28    Int: 26    God:    Dithmenos [******]
Gold:   1725       SH:  0    Dex: 18    Spells: 4/28 levels left
                                        Lives:  0   Deaths: 4

rFire    . . .     SeeInvis +     - Unarmed
rCold    + . .     Gourm    .   (shield unavailable)
rNeg     . . .     Faith    .   (armour unavailable)
rPois    .         Spirit   .   (helmet unavailable)
rElec    .         Reflect  .   (cloak unavailable)
rCorr    .         Harm     .   (gloves unavailable)
MR       +....                  (boots unavailable)
Stlth    ++++++++++             (no amulet)
HPRegen  0.20/turn              l - +6 ring of intelligence
MPRegen  0.20/turn              Z - +6 ring of protection

@: wreathed by umbra, quick
A: very small, no armour, no weapons or thrown items, stealth, claws 1, fangs 3,
see invisible, carnivore, speed 1, shaggy fur 3, slow metabolism 1, sharp paws
a: Shadow Step, Shadow Form, Renounce Religion


You were on level 1 of the Orcish Mines.
You worshipped Dithmenos.
Dithmenos was exalted by your worship.
You were not hungry.

You visited 4 branches of the dungeon, and saw 22 of its levels.
You also visited: Bailey, Gauntlet and Volcano.

You collected 2375 gold pieces.
You spent 650 gold pieces at shops.

Inventory:

Jewellery
 i - an uncursed ring of protection from cold
 l - a +6 ring of intelligence (left paw)
 n - an uncursed ring of wizardry
 A - a +3 ring of evasion
 B - an uncursed ring of flight
 P - an uncursed ring of protection from fire
 Z - a +6 ring of protection (right paw)
Wands
 e - a wand of scattershot (5)
 j - a wand of digging (6)
 q - a wand of polymorph (21)
 x - a wand of enslavement (12)
 y - a wand of random effects (48)
 I - a wand of iceblast (4)
 J - a wand of acid (20)
 K - a wand of flame (59)
 S - a wand of paralysis (7)
Scrolls
 a - 3 scrolls of blinking
 f - 11 scrolls of remove curse
 o - 2 scrolls of amnesia
 r - 10 scrolls of fog
 t - 3 scrolls of fear
 u - a scroll of holy word
 D - 2 scrolls of silence
 G - a scroll of acquirement {unknown}
 L - 2 scrolls of vulnerability
 M - a scroll of summoning {unknown}
 V - a scroll of torment {unknown}
 W - 5 scrolls of identify
Potions
 c - 7 potions of curing
 d - 4 potions of magic
 g - 3 potions of flight
 h - 3 potions of might
 k - 3 potions of berserk rage
 p - 7 potions of heal wounds
 w - a potion of agility
 z - 4 potions of lignification
 C - 4 potions of haste
 E - 7 potions of brilliance
 F - a potion of ambrosia
 H - 2 potions of invisibility
 Q - 2 potions of mutation
 R - a potion of resistance
 Y - 2 potions of cancellation
Miscellaneous
 U - 2 boxes of beasts
Comestibles
 b - 51 rations


   Skills:
 * Level 12.1 Fighting
 + Level 11.6 Dodging
 + Level 12.7 Stealth
 * Level 12.2 Unarmed Combat
 + Level 8.4 Spellcasting
 - Level 1.0 Conjurations
 + Level 12.8 Hexes
 - Level 6.0 Summonings
 + Level 3.7 Translocations
 - Level 6.0 Air Magic
 - Level 5.0 Poison Magic
 + Level 4.2 Invocations


You had 4 spell levels left.
You knew the following spells:

 Your Spells              Type           Power        Failure   Level  Hunger
a - Shock                 Conj/Air       ####         1%          1    None
b - Ensorcelled Hibernat  Hex/Ice        #####.       1%          2    None
c - Confuse               Hex            ######..     1%          3    None
d - Poisonous Vapours     Pois/Air       #####.       1%          2    None
e - Dazzling Spray        Conj/Hex       #####.       1%          3    None
f - Summon Lightning Spi  Summ/Air       #####...     4%          4    ##.....
g - Tukima's Dance        Hex            ######..     1%          3    None
h - Blink                 Tloc           N/A          1%          2    None
i - Cause Fear            Hex            ######....   1%          4    ##.....

Your spell library contained the following spells:

 Spells                   Type           Power        Failure   Level  Hunger
 Confusing Touch          Hex            ######       1%          1    None
 Corona                   Hex            ######.      1%          1    None
 Summon Small Mammal      Summ           ####         1%          1    None
 Call Imp                 Summ           #####...     1%          2    None
 Call Canine Familiar     Summ           #####...     1%          3    None
 Summon Guardian Golem    Hex/Summ       ######..     1%          3    None
 Swiftness                Chrm/Air       ####....     2%          2    None
 Magic Dart               Conj           ###.         3%          1    None
 Shroud of Golubria       Chrm/Tloc      ###...       3%          2    None
 Gell's Gravitas          Tloc           ####......   3%          3    None
 Lesser Beckoning         Tloc           ####......   3%          3    None
 Mephitic Cloud           Conj/Pois/Air  ####....     3%          3    None
 Static Discharge         Conj/Air       ####....     3%          3    None
 Teleport Other           Tloc           ####....     3%          3    None
 Fulminant Prism          Conj/Hex       #####.....   3%          4    ##.....
 Airstrike                Air            #####.....   4%          4    ##.....
 Beastly Appendage        Tmut           ##....       5%          1    None
 Freeze                   Ice            ##..         5%          1    None
 Sandblast                Erth           ##....       5%          1    None
 Searing Ray              Conj           ###...       5%          2    None
 Spider Form              Tmut/Pois      ###.......   6%          3    None
 Throw Frost              Conj/Ice       ##....       7%          2    None
 Passwall                 Tmut/Erth      ##......     9%          2    None
 Sticks to Snakes         Tmut           ##......     9%          2    None
 Passage of Golubria      Tloc           N/A          12%         4    ##.....
 Conjure Flame            Conj/Fire      ##......     13%         3    None
 Stone Arrow              Conj/Erth      ##....       13%         3    None
 Ozocubu's Armour         Chrm/Ice       ##......     16%         3    None
 Summon Ice Beast         Ice/Summ       ####....     16%         4    ##.....
 Force Lance              Conj/Tloc      ###.....     21%         4    ##.....
 Iskenderun's Mystic Bla  Conj           ###.....     34%         4    ##.....
 Throw Icicle             Conj/Ice       ##......     41%         4    ##.....
 Ice Form                 Ice/Tmut       ##......     47%         4    ##.....
 Petrify                  Tmut/Erth      ##......     47%         4    ##.....
 Silence                  Hex/Air        ######....   3%          5    ####...
 Metabolic Englaciation   Hex/Ice        #####.....   11%         5    ####...
 Yara's Violent Unravell  Hex/Tmut       #####.....   11%         5    ####...
 Lightning Bolt           Conj/Air       ####......   34%         5    ####...
 Blade Hands              Tmut           ##........   83%         5    ####...
 Lee's Rapid Deconstruct  Erth           ##........   83%         5    ####...
 Discord                  Hex            ######....   88%         8    #######
 Deflect Missiles         Chrm/Air       ####......   94%         6    ######.
 Freezing Cloud           Conj/Ice/Air   ###.......   97%         6    ######.
 Ring of Flames           Chrm/Fire      ##........   100%        7    #######


Dungeon Overview and Level Annotations

Branches:
Dungeon (13/15)            Temple (1/1) D:7            Lair (6/6) D:8
  Swamp (0/4) Lair:3       Spider (0/4) Lair:4        Slime (0/5) Lair:6
    Orc (2/2) D:10            Elf (0/3) Orc:2        Bailey (visited)
Volcano (visited)         Gauntlet (visited)
 Vaults: D:13-14

Altars:
Ashenzari
Cheibriados
Dithmenos
Elyvilon
Fedhas
Gozag
Hepliaklqana
Kikubaaqudgha
Makhleb
Nemelex Xobeh
Okawaru
Qazlal
Ru
Sif Muna
Trog
Uskayaw
Vehumet
Wu Jian
Xom
Yredelemnul
Zin
The Shining One
Jiyva
Lugonu

Shops:
D:4 :

Portals:
Trove: D:12 (show abyssal rune of Zot)

Annotations:
Lair:3 3 runed translucent doors, Froggeryz's ghost, journeyman MiFi
Lair:6 1 runed translucent door, exclusion: azure jelly
Orc:1 Donald


Innate Abilities, Weirdness & Mutations

You cannot wear armour.
You are incapable of wielding weapons or throwing items.
Your paws allow you to move quietly. (Stealth)
You have sharp claws.
You have razor-sharp teeth.
You have supernaturally acute eyesight. (SInv)
You are carnivorous and can eat meat at any time.
You cover ground quickly.
Your thick and shaggy fur keeps you warm. (AC +3, rC+)
You have a slow metabolism.
Your sharp claws are effective at attacking unaware monsters.


Message History

Aiming: Confuse (safe; 1% risk of failure)
Press: ? - help, Shift-Dir - straight line, f/p - Donald
Aim: Donald, wearing a +0 plate armour and wearing a +0 shield of reflection (lightly wounded, fast, unusually strong, umbra, chance to defeat MR: 16%) Donald resists with almost no effort.
Your shadow mimicks your spell!
Donald resists with almost no effort.
Donald hits you!! x2
* * * LOW HITPOINT WARNING * * *
You emit a cloud of dark smoke.
The orc completely misses you. The orc misses you.
The orc completely misses you.
Donald says, "Why would someone put a sword in a little box?"
Donald squints around. "I can't see a thing.
I hate that."
Donald hits you!
You die...
You are now level 13!
You rejoin the land of the living...
Unknown command.
Unknown command.
Unknown command.
Are you sure you want to abandon this character and quit the game? (Confirm with "yes".)

..§§§[§.(...)[........#.##
###
.)§§§§§§....).......#####
....§§§§........#.###
....§..§.......####
#.§§....§.....#####
#..§...........##.##
...................#
....#......###....##
####....#.......@## #
##.####.....### ###
###.### ###


There were no monsters in sight!

Vanquished Creatures
  Azrael (D:13)
  A fire dragon (Lair:6)
  A great orb of eyes (D:7)
  5 hydras
  Erica (D:11)
  A catoblepas (Lair:2)
  The ghost of bmj180 the Geomancer, a journeyman GrEE of Sif Muna (D:11)
  3 death yaks (Lair:6)
  A queen ant (Gauntlet)
  3 two-headed ogres (Orc:1)
  2 ogre magi
  The ghost of SockSock the Basher, a novice GrBe of Trog (D:7)
  Nergalle (D:11)
  A swamp dragon (Lair:6)
  An unseen horror (D:11)
  3 lindwurms (Lair:6)
  An oklob plant (Lair:1)
  5 orc knights
  A cyclops (D:11)
  A deep elf mage (D:12)
  3 orc sorcerers
  A manticore (D:11)
  An ugly thing (D:11)
  4 black mambas
  3 elephants
  A torpor snail (Lair:6)
  14 spiny frogs
  A gargoyle (D:12)
  8 rime drakes
  9 komodo dragons
  A tengu conjurer (D:12)
  2 jumping spiders (Lair:4)
  3 trolls
  2 hornets (Lair:6)
  17 blink frogs
  6 slime creatures (D:13)
  4 flying skulls (Gauntlet)
  6 dream sheep
  12 hippogriffs
  2 redbacks (Lair:4)
  3 spriggans (Lair:3)
  A shadow (D:13)
  A vampire (D:12)
  A wraith (D:12)
  33 yaks
  10 basilisks
  4 wyverns
  4 hungry ghosts
  A steam dragon (Lair:6)
  4 vampire mosquitoes
  21 water moccasins
  8 soldier ants
  5 hell hounds (D:13)
  3 swamp drakes (Lair:6)
  10 porcupines
  4 sky beasts
  An ice beast (D:6)
  2 eyes of draining
  13 orc warriors
  2 black bears
  3 wolves (Lair:6)
  10 centaurs
  5 ogres
  12 crocodiles
  5 big kobolds
  18 bullfrogs
  A gnoll sergeant (D:8)
  A scorpion (D:13)
  2 killer bees (D:10)
  A howler monkey (D:4)
  2 wights (D:10)
  7 crimson imps
  A bullfrog zombie (D:8)
  6 jellies
  A wyvern simulacrum (D:11)
  4 centaur zombies
  3 orc priests
  9 hounds
  2 centaur skeletons
  13 orc wizards
  4 bullfrog skeletons
  6 iguanas
  11 worker ants
  A hound zombie (D:9)
  4 hound skeletons
  A worker ant zombie (D:8)
  13 adders
  5 gnolls
  3 shadow imps
  An adder skeleton (D:6)
  5 dart slugs
  5 leopard geckos
  47 orcs
  A ball python (D:1)
  4 giant cockroaches
  8 goblins
  9 hobgoblins
  16 jackals
  9 quokkas
  8 bats
  4 frilled lizards
  A jackal skeleton (D:5)
  12 kobolds
  5 rats
  A fungus (Lair:6)
  A plant (Lair:1)
557 creatures vanquished.

Vanquished Creatures (collateral kills)
  Gastronok (D:8)
  3 hydras
  An obsidian statue (D:12)
  An orc knight (Bailey)
  3 oklob plants (Lair:1)
  An ice statue (Gauntlet)
  2 spiny frogs
  A rime drake (Gauntlet)
  A bog body (Lair:3)
  4 dream sheep (Lair:6)
  2 blink frogs (Lair:3)
  15 yaks
  A steam dragon (Lair:6)
  4 vampire mosquitoes (D:13)
  A water moccasin (Lair:4)
  9 orc warriors
  An ice beast (D:13)
  An ogre (D:8)
  3 centaurs
  3 crocodiles
  A big kobold (D:10)
  A gnoll sergeant (D:11)
  2 killer bees (D:10)
  A wight (D:10)
  A crimson imp (D:8)
  An iguana (D:10)
  2 orc wizards
  A hound skeleton (D:7)
  3 gnolls (D:11)
  An adder (D:8)
  An adder zombie (D:10)
  14 orcs
  3 kobolds
  A bush (Lair:6)
  A plant (Lair:1)
92 creatures vanquished.

Vanquished Creatures (others)
  A dancing weapon (Volcano)
  A bush (D:8)
  14 fungi
  31 plants
  5 withered plants (Gauntlet)
52 creatures vanquished.

Grand Total: 701 creatures vanquished

Notes
Turn   | Place    | Note
-------+----------+-------------------------------------------
     0 | D:1      | 1994 the Felid Enchanter began the quest for the Orb.
     0 | D:1      | Reached XP level 1. HP: 7/7 MP: 4/4
   354 | D:1      | Reached XP level 2. HP: 8/12 MP: 4/6
   361 | D:1      | Learned a level 2 spell: Ensorcelled Hibernation
  1208 | D:1      | Reached skill level 1 in Fighting
  1419 | D:1      | Reached XP level 3. HP: 15/15 MP: 4/7
  1455 | D:1      | Learned a level 3 spell: Confuse
  1855 | D:2      | You fall into a shaft and drop 1 floor!
  2414 | D:4      | Reached skill level 5 in Hexes
  2414 | D:4      | Reached XP level 4. HP: 5/19 MP: 4/8
  2703 | D:4      | Found Pifom's Book Shop.
  2733 | D:4      | Found a snail-covered altar of Cheibriados.
  3760 | D:2      | Reached XP level 5. HP: 22/22 MP: 9/9
  4542 | D:3      | Learned a level 3 spell: Tukima's Dance
  5152 | D:4      | Found a shattered altar of Ashenzari.
  5533 | D:4      | Reached skill level 5 in Stealth
  5621 | D:4      | Found an iron altar of Okawaru.
  5622 | D:4      | Found a shattered altar of Ashenzari.
  5623 | D:4      | Found a shimmering blue altar of Sif Muna.
  5623 | D:4      | Found an opulent altar of Gozag.
  5623 | D:4      | Found a shimmering altar of Xom.
  5624 | D:4      | Found a stormy altar of Qazlal.
  5625 | D:4      | Found an ancient bone altar of Kikubaaqudgha.
  5626 | D:4      | Found a glowing golden altar of the Shining One.
  5628 | D:4      | Found a sacrificial altar of Ru.
  6050 | D:4      | Gained mutation: You are covered in thick fur. (AC +2)
                  | [Felid growth]
  6050 | D:4      | Reached XP level 6. HP: 22/27 MP: 4/11
  6188 | D:5      | Entered Level 5 of the Dungeon
  6219 | D:5      | Learned a level 1 spell: Shock
  6491 | D:5      | Noticed a sky beast
  6501 | D:5      | Killed a sky beast
  7079 | D:6      | Upgraded the game from 0.24-a0-693-g39a19ac0f1 to
                  | 0.24-a0-699-g5a66b1aa3b
  7260 | D:6      | Found a shadowy altar of Dithmenos.
  7265 | D:6      | Found a hazy altar of Hepliaklqana.
  7284 | D:6      | Became a worshipper of Dithmenos the Shadowed
  7313 | D:6      | Reached skill level 1 in Air Magic
  7313 | D:6      | Reached XP level 7. HP: 18/31 MP: 2/12
  8226 | D:7      | Reached XP level 8. HP: 36/36 MP: 3/14
  8363 | D:7      | Reached skill level 5 in Dodging
  8452 | D:7      | Noticed a great orb of eyes
  8560 | D:7      | Noticed a hippogriff
  8641 | D:7      | Killed a hippogriff
  8668 | D:7      | Reached skill level 5 in Unarmed Combat
  8804 | D:7      | Reached * piety under Dithmenos
  8805 | D:7      | Noticed a six-headed hydra
  8808 | D:7      | Slain by a six-headed hydra
  8809 | D:7      | Reached XP level 7. HP: -3/33 MP: 13/13
  8817 | D:7      | Reached skill level 5 in Fighting
  8917 | D:7      | Reached XP level 8. HP: 20/37 MP: 12/15
  9100 | D:7      | Found a staircase to the Ecumenical Temple.
  9105 | Temple   | Entered the Ecumenical Temple
  9168 | D:7      | Found a runed translucent gate.
  9171 | D:7      | Noticed SockSock's ghost (novice GrBe)
  9172 | D:7      | Found a runed translucent gate.
  9172 | D:7      | Found a runed translucent gate.
  9622 | D:7      | Slain by a six-headed hydra
  9623 | D:7      | Reached XP level 7. HP: -3/33 MP: 7/14
 10041 | D:8      | Found a hide-covered altar of Uskayaw.
 10252 | D:8      | Noticed a hungry ghost
 10264 | D:8      | Killed a hungry ghost
 10264 | D:8      | Reached XP level 8. HP: 38/38 MP: 11/15
 10422 | D:8      | Noticed Gastronok
 10542 | D:8      | Noticed a dream sheep
 10542 | D:8      | Noticed a dream sheep
 10663 | D:8      | Killed a dream sheep
 10784 | D:8      | Learned a level 3 spell: Dazzling Spray
 10805 | D:8      | Killed a dream sheep
 10805 | D:8      | Reached XP level 9. HP: 42/42 MP: 12/16
 10875 | D:8      | Noticed a three-headed hydra
 10913 | D:8      | Killed a three-headed hydra
 11277 | D:8      | Upgraded the game from 0.24-a0-699-g5a66b1aa3b to
                  | 0.24-a0-715-g0b739ee41d
 11486 | D:8      | Reached ** piety under Dithmenos
 11582 | D:8      | Found a staircase to the Lair.
 11602 | D:8      | Reached skill level 1 in Summonings
 11609 | D:8      | Learned a level 4 spell: Summon Lightning Spire
 11876 | D:8      | Reached skill level 5 in Spellcasting
 11886 | D:8      | Reached XP level 10. HP: 47/47 MP: 0/18
 12308 | D:9      | Found a sparkling altar of Nemelex Xobeh.
 12953 | D:7      | Killed a great orb of eyes
 13500 | D:7      | Killed SockSock's ghost
 13500 | D:7      | Reached skill level 1 in Invocations
 13677 | D:7      | Killed a six-headed hydra
 13782 | D:10     | Entered Level 10 of the Dungeon
 13964 | D:10     | Reached *** piety under Dithmenos
 14284 | D:10     | Found a staircase to the Orcish Mines.
 15106 | D:11     | Noticed Erica
 15113 | D:11     | Killed Erica
 15166 | D:11     | Noticed Nergalle
 15205 | D:11     | Found a transporter.
 15205 | D:11     | Noticed bmj180's ghost (journeyman GrEE)
 15210 | D:11     | Found a transporter.
 15305 | D:11     | Reached XP level 11. HP: 51/51 MP: 10/20
 15355 | D:11     | Reached skill level 1 in Conjurations
 15402 | D:11     | Found a flagged portal.
 15498 | Bailey   | Entered a bailey
 15501 | Bailey   | Noticed an orc knight
 15502 | Bailey   | Killed an orc knight
 15502 | Bailey   | Reached skill level 5 in Air Magic
 15515 | Bailey   | Demolished by an orc warrior
 15516 | Bailey   | Reached XP level 10. HP: -16/49 MP: 9/19
 15675 | Bailey   | Noticed an orc knight
 15692 | Bailey   | Killed an orc knight
 15811 | Bailey   | Reached **** piety under Dithmenos
 15869 | Bailey   | Noticed an orc knight
 15901 | Bailey   | Killed an orc knight
 16214 | D:11     | Reached skill level 5 in Summonings
 16519 | D:11     | Learned a level 2 spell: Poisonous Vapours
 16535 | D:11     | Noticed an unseen horror
 16541 | D:11     | Killed an unseen horror
 16775 | D:11     | Noticed a green ugly thing
 16783 | D:11     | Killed a green ugly thing
 16783 | D:11     | Reached skill level 10 in Hexes
 16925 | D:11     | Killed Nergalle
 16925 | D:11     | Reached XP level 11. HP: 47/52 MP: 16/21
 18415 | D:8      | Found a staircase to the Lair.
 18576 | D:8      | Killed Gastronok
 18576 | D:8      | Reached skill level 10 in Stealth
 18576 | D:8      | Reached skill level 1 in Poison Magic
 18685 | D:8      | Found a hide-covered altar of Uskayaw.
 18787 | Lair:1   | Entered Level 1 of the Lair of Beasts
 19014 | Lair:1   | Noticed an oklob plant
 19025 | Lair:1   | Killed an oklob plant
 19746 | Lair:1   | Noticed an oklob plant
 19746 | Lair:1   | Noticed an oklob plant
 20092 | Lair:1   | Killed an oklob plant
 20345 | Lair:1   | Killed an oklob plant
 20499 | Lair:1   | Noticed an oklob plant
 20752 | Lair:1   | Killed an oklob plant
 20984 | Lair:2   | Noticed a catoblepas
 20995 | Lair:2   | You fall into a shaft and drop 2 floors!
 21189 | Lair:2   | Found a dark tunnel.
 21196 | Volcano  | Entered a volcano
 21212 | Volcano  | Noticed an ogre mage
 21215 | Volcano  | Noticed a red draconian
 21215 | Volcano  | Found a burning altar of Makhleb.
 21219 | Volcano  | Killed an ogre mage
 21219 | Volcano  | Gained mutation: Your thick and shaggy fur keeps you warm.
                  | (AC +3, rC+) [Felid growth]
 21219 | Volcano  | Reached XP level 12. HP: 10/58 MP: 8/23
 21228 | Volcano  | Noticed a two-headed ogre
 21228 | Volcano  | Noticed a two-headed ogre
 21232 | Volcano  | Noticed a two-headed ogre
 21240 | Volcano  | Noticed a two-headed ogre
 21240 | Volcano  | Noticed a two-headed ogre
 21240 | Volcano  | Noticed a two-headed ogre
 21605 | Lair:2   | Noticed a six-headed hydra
 21904 | Lair:2   | Killed a catoblepas
 21905 | Lair:2   | Upgraded the game from 0.24-a0-715-g0b739ee41d to
                  | 0.24-a0-725-gf1a930fc54
 22035 | Lair:2   | Killed a six-headed hydra
 22035 | Lair:2   | Reached skill level 10 in Unarmed Combat
 22411 | Lair:3   | Reached skill level 10 in Fighting
 22474 | Lair:3   | Found a staircase to the Swamp.
 22474 | Lair:3   | Noticed a seven-headed hydra
 22549 | Lair:3   | Killed a seven-headed hydra
 22574 | Lair:3   | Noticed a four-headed hydra
 22582 | Lair:3   | Killed a four-headed hydra
 22721 | Lair:3   | Found a runed translucent gate.
 22721 | Lair:3   | Found a runed translucent gate.
 22721 | Lair:3   | Found a runed translucent gate.
 22779 | Lair:3   | Noticed Froggeryz's ghost (journeyman MiFi)
 23613 | Lair:4   | Reached ***** piety under Dithmenos
 23633 | Lair:4   | Reached skill level 10 in Dodging
 24110 | Lair:4   | Found a hole to the Spider Nest.
 24636 | Lair:4   | Reached XP level 13. HP: 62/62 MP: 24/24
 25284 | Lair:4   | Found the +8 whip "Snakebite" {curare, rPois}
 26665 | Lair:6   | Entered Level 6 of the Lair of Beasts
 28035 | Lair:6   | Reached ****** piety under Dithmenos
 28114 | Lair:6   | Found a runed translucent door.
 28114 | Lair:6   | Found a viscous altar of Jiyva.
 28114 | Lair:6   | Found a staircase to the Slime Pits.
 28114 | Lair:6   | Noticed an azure jelly
 30577 | Lair:6   | Learned a level 2 spell: Blink
 30577 | Lair:6   | Upgraded the game from 0.24-a0-725-gf1a930fc54 to
                  | 0.24-a0-769-g368c1644f8
 30746 | Lair:6   | Reached XP level 14. HP: 31/67 MP: 1/26
 31384 | D:4      | Bought a book of Enchantments for 650 gold pieces
 31389 | D:4      | Learned a level 4 spell: Cause Fear
 31564 | D:11     | Killed bmj180's ghost
 31564 | D:11     | Reached skill level 1 in Translocations
 31768 | D:12     | Reached skill level 5 in Poison Magic
 31870 | D:12     | Found a portal to a secret trove of treasure.
 31939 | D:12     | Found an ancient bone altar of Kikubaaqudgha.
 33116 | D:13     | Noticed Azrael
 33197 | D:13     | Found a gate leading to a gauntlet.
 33212 | Gauntlet | Entered a Gauntlet
 33212 | Gauntlet | Found a transporter.
 33212 | Gauntlet | Found a transporter.
 33212 | Gauntlet | Found a transporter.
 33226 | Gauntlet | Found a transporter.
 33228 | Gauntlet | Found a transporter.
 33230 | Gauntlet | Found a large runed translucent door.
 33231 | Gauntlet | Found a large runed translucent door.
 33232 | Gauntlet | Found a large runed translucent door.
 33232 | Gauntlet | Found a large runed translucent door.
 33232 | Gauntlet | Found a runed translucent door.
 33232 | Gauntlet | Found a runed translucent door.
 33250 | Gauntlet | Found a transporter.
 33266 | Gauntlet | Found a transporter.
 33284 | Gauntlet | Found a transporter.
 33288 | Gauntlet | Found a large runed translucent door.
 33289 | Gauntlet | Found a large runed translucent door.
 33290 | Gauntlet | Found a large runed translucent door.
 33290 | Gauntlet | Found a large runed translucent door.
 33291 | Gauntlet | Found a runed translucent gate.
 33292 | Gauntlet | Found a transporter.
 33292 | Gauntlet | Found a runed translucent gate.
 33293 | Gauntlet | Found a runed translucent gate.
 33294 | Gauntlet | Found a large runed translucent door.
 33294 | Gauntlet | Found a large runed translucent door.
 33295 | Gauntlet | Found a large runed translucent door.
 33296 | Gauntlet | Found a large runed translucent door.
 33305 | Gauntlet | Found a large runed translucent door.
 33305 | Gauntlet | Found a large runed translucent door.
 33306 | Gauntlet | Found a large runed translucent door.
 33307 | Gauntlet | Found a large runed translucent door.
 33347 | Gauntlet | Found a transporter.
 33351 | Gauntlet | Found a transporter.
 33360 | Gauntlet | Noticed a reaper
 33361 | Gauntlet | Found a transporter.
 34605 | Gauntlet | Identified the Reference Book on Enchanting Feathers
 35007 | D:13     | Killed Azrael
 35779 | Orc:1    | Entered Level 1 of the Orcish Mines
 35790 | D:10     | Paralysed by an orc sorcerer for 6 turns
 37206 | Orc:2    | Entered Level 2 of the Orcish Mines
 37206 | Orc:2    | Found a staircase to the Elven Halls.
 37278 | Orc:2    | Noticed a stone giant
 37581 | Orc:2    | Noticed Donald
 37750 | Orc:1    | Slain by Donald
 37751 | Orc:1    | Reached XP level 13. HP: -4/64 MP: 20/26
 37751 | Orc:1    | Quit the game

Levels and vault maps discovered:
D:1:      roderic_chinese_lattice_arrival, layout_basic
D:2:      layout_basic
D:3:      layout_basic
D:4:      layout_basic, minitemple, first_ration, serial_shops,
          nicolae_shop_waterfront, nicolae_ashenzari_panopticon
D:5:      layout_basic
D:6:      layout_gridville, amethyst_overflow_temple_binary, grunt_ministairs_15
D:7:      layout_gridville, minmay_temple_entry_drinking_statues,
          gammafunk_ghost_split, minmay_manual_mail
D:8:      kennysheep_blocky_room, layout_loops_ring,
          eat_drink_and_be_merry_uskayaw, minmay_lair_entry_grove,
          hangedman_ranch [blue_anna_fruit_fields], minmay_quadrilaterals,
          uniq_gastronok
D:9:      layout_rooms, nemelex_xobeh_ov_fountains_minmay, kennysheep_potato
D:10:     layout_basic, orc_0_dummy
D:11:     layout_stronghold, gammafunk_ghost_mausoleum, enter_bailey_2,
          uniq_erica, uniq_nergalle
D:12:     layout_gridville, basic_altar, nicolae_trove_entry_columns,
          minmay_statue_bubble
D:13:     layout_irregular_city, gauntlet_entry_generic, uniq_azrael
Temple:   corrupted_temple
Lair:1:   layout_regular_city, lemuel_fruit_tree, minmay_lair_oklob_chamber,
          grunt_megastairs_5
Lair:2:   layout_chaotic_city, nicolae_volcano_entry_hallway, st_stairs_4,
          grunt_megastairs_4, serial_bayou_shore_b
Lair:3:   wad_woods_settlement, layout_gridlike, skrybe_swamp_entry_bodies,
          gammafunk_ghost_necromancy
Lair:4:   minmay_guarded_unrand_snakebite, layout_hall_layers,
          spider_nest_entry_a
Lair:5:   layout_misc_corridors
Lair:6:   guppyfry_lair_end_dragon, layout_gridlike, hangedman_lair_in_review,
          slime_altar_2
Orc:1:    nicolae_orc_accident_2, layout_caves, nicolae_orc_stony_grotto,
          nicolae_orc_tapped_out
Orc:2:    st_orc_pillars, layout_diamond_mine, uniq_donald

Skill      XL: |  1  2  3  4  5  6  7  8  9 10 11 12 13 14 |
---------------+-------------------------------------------+-----
Fighting       | 1 2 3 5 6 7 8 9 10 11 12 | 12.1
Dodging        | 3 4 6 5 7 8 9 10 11 | 11.6
Unarmed Combat | 2 3 4 6 7 9 10 11 12 | 12.2
Hexes          | 5 7 8 10 11 12 | 12.8
Stealth        | 5 7 6 8 9 10 11 12 | 12.7
Spellcasting   | 3 4 5 6 7 8 |  8.4
Air Magic      | 1 3 2 4 5 6 |  6.0
Summonings     | 1 5 6 |  6.0
Invocations    | 1 2 4 |  4.2
Conjurations   | 1 |  1.0
Poison Magic   | 2 3 4 5 |  5.0
Translocations | 3 |  3.7

Action                   |  1- 3 |  4- 6 |  7- 9 | 10-12 | 13-15 || total
-------------------------+-------+-------+-------+-------+-------++-------
Melee: Unarmed           |    97 |   162 |   197 |   295 |   543 ||  1294
       Bite              |    10 |    15 |    11 |    26 |    50 ||   112
       Punch             |     2 |     2 |     6 |     5 |    26 ||    41
 Cast: Corona            |    11 |     9 |       |       |       ||    20
       Ensorcelled Hiber |    19 |    15 |    19 |    34 |    31 ||   118
       Confuse           |     4 |    24 |    46 |    71 |    87 ||   232
       Tukima's Dance    |       |     5 |     4 |     2 |    12 ||    23
       Shock             |       |     6 |   105 |   153 |    96 ||   360
       Dazzling Spray    |       |       |     5 |    29 |    19 ||    53
       Summon Lightning  |       |       |     2 |    54 |    40 ||    96
       Poisonous Vapours |       |       |       |   104 |   237 ||   341
       Blink             |       |       |       |       |     1 ||     1
       Cause Fear        |       |       |       |       |     1 ||     1
Invok: Shadow Step       |       |       |       |     3 |       ||     3
 Abil: Evoke Flight      |       |       |       |     1 |       ||     1
  Use: Scroll            |     2 |     7 |     5 |    14 |     7 ||    35
 Stab: Sleeping          |    15 |    25 |    32 |    78 |    66 ||   216
       Distracted        |     1 |     2 |       |     2 |     8 ||    13
       Confused          |     2 |     9 |    15 |    30 |    41 ||    97
       Invisible         |       |       |     1 |     2 |     2 ||     5
  Eat: Chunk             |    12 |    11 |    27 |    35 |    27 ||   112
Armor: Skin              |     9 |     6 |     6 |     8 |    33 ||    62
Dodge: Dodged            |    79 |   116 |   147 |   237 |   649 ||  1228

Table legend:
 A = Non-vault XP
 B = Vault XP
 C = Vault XP percentage of total XP
 D = Non-vault monster count
 E = Vault monster count
 F = Vault count percentage of total count
                 A         B        C        D         E       F
            +---------+---------+-------+---------+---------+-------
      Total |   58468 |   40334 |  40.8 |     483 |     162 |  25.1
            +---------+---------+-------+---------+---------+-------
        D:1 |      49 |       0 |   0.0 |      26 |       0 |   0.0
        D:2 |      52 |       0 |   0.0 |      14 |       0 |   0.0
        D:3 |      36 |       0 |   0.0 |      19 |       0 |   0.0
        D:4 |     274 |       0 |   0.0 |      19 |       0 |   0.0
        D:5 |     278 |       0 |   0.0 |      11 |       0 |   0.0
        D:6 |     669 |       4 |   0.6 |      15 |       2 |  11.8
        D:7 |    1036 |    2226 |  68.2 |      16 |      11 |  40.7
        D:8 |     859 |    6407 |  88.2 |      25 |      35 |  58.3
        D:9 |     776 |      85 |   9.9 |      11 |       1 |   8.3
       D:10 |    2314 |       0 |   0.0 |      45 |       0 |   0.0
       D:11 |    4640 |    3260 |  41.3 |      35 |       6 |  14.6
       D:12 |    3523 |     316 |   8.2 |      28 |       1 |   3.4
       D:13 |    4874 |    1997 |  29.1 |      42 |       6 |  12.5
     Lair:1 |    2151 |    2843 |  56.9 |      12 |      12 |  50.0
     Lair:2 |    4233 |     145 |   3.3 |      13 |       1 |   7.1
     Lair:3 |    4841 |    1431 |  22.8 |      22 |       6 |  21.4
     Lair:4 |    7291 |    1795 |  19.8 |      35 |      13 |  27.1
     Lair:5 |    5289 |       0 |   0.0 |      22 |       0 |   0.0
     Lair:6 |    7700 |   13385 |  63.5 |      35 |      36 |  50.7
      Orc:1 |    7405 |       0 |   0.0 |      33 |       0 |   0.0
      Orc:2 |     178 |       0 |   0.0 |       5 |       0 |   0.0
     Bailey |       0 |    2342 | 100.0 |       0 |      18 | 100.0
    Volcano |       0 |     861 | 100.0 |       0 |       1 | 100.0
   Gauntlet |       0 |    3237 | 100.0 |       0 |      13 | 100.0
            +---------+---------+-------+---------+---------+-------
